 Dungeon Crawl Stone Soup version 0.32-a0-975-g85d4e5bfdb (webtiles) character file.

Game seed: 4005539215206673314

23 PriceMaster the Grave Robber (level 2, -1/19 HPs)
             Began as a Demonspawn Necromancer on Apr 19, 2024.
             Slain by a jackal (3 damage)
             ... on level 1 of the Dungeon.
             The game lasted 00:01:13 (706 turns).

PriceMaster the Grave Robber (DsNe)                  Turns: 706, Time: 00:01:14

Health: -1/19      AC:  3    Str:  8    XL:     2   Next: 75%
Magic:  3/5        EV: 11    Int: 15    God:
Gold:   44         SH:  0    Dex: 13    Spells: 4/5 levels left

rFire   . . .        c - +0 dagger
rCold   . . .        (no shield)
rNeg    . . .        a - +0 robe
rPois   .            (no helmet)
rElec   .            (no cloak)
rCorr   .            (no gloves)
SInv    +            (no boots)
Will    .....        (no amulet)
Stlth   ++           b - ring of see invisible
HPRegen 0.23/turn    (no ring)
MPRegen 0.09/turn

%: no passive effects
@: brilliant
A: rugged brown scales 1
a: no special abilities


You were on level 1 of the Dungeon.
You visited 1 branch of the dungeon, and saw 2 of its levels.

You collected 44 gold pieces.

Inventory:

Hand Weapons
 c - a +0 dagger (weapon)
Armour
 a - a +0 robe (worn)
Jewellery
 b - a ring of see invisible (left hand)
Scrolls
 e - a scroll of fog {unknown}


   Skills:
 + Level 1.9 Dodging
 + Level 1.9 Stealth
 + Level 2.3 Spellcasting
 + Level 5.0 Necromancy


You had 4 spell levels left.
You knew the following spells:

 Your Spells              Type           Power      Damage    Failure   Level
a - Necrotise             Necr           100%       1d9       2%          1

Your spell library contained the following spells:

 Spells                   Type           Power      Damage    Failure   Level
 Vampiric Draining        Necr           25%        2d7       9%          3
 Animate Dead             Necr           25%        N/A       26%         4
 Curse of Agony           Necr           25%        N/A       58%         5


Dungeon Overview and Level Annotations

Branches:
Dungeon (2/15)

Altars:


Innate Abilities, Weirdness & Mutations

You are partially covered in rugged brown scales. (AC +1, +3% HP)


Message History

The jackal attacks as it pursues you!
The jackal bites you but does no damage. x2
The ball python bites you but does no damage.
The ball python barely misses you. The jackal attacks as it pursues you!
The jackal bites you.
* * * LOW HITPOINT WARNING * * *
The jackal bites you but does no damage.
The jackal attacks as it pursues you! The jackal misses you. x2
There is a stone staircase leading down here.
The jackal bites you.
* * * LOW HITPOINT WARNING * * *
The jackal bites you but does no damage.
You climb downwards.
The kobold shouts!
The hobgoblin shouts!
The kobold shouts!
Found four items.
Found a stone staircase leading up and a stone staircase leading down.
There is a stone staircase leading up here.
It was a potion of curing.
You feel better. The jackal barely misses you. The jackal bites you. x2
* * * LOW HITPOINT WARNING * * *
The kobold barely misses you. The jackal misses you.
The jackal bites you but does no damage.
Found 5 gold pieces.
The jackal attacks as it pursues you!
The jackal bites you but does no damage.
The jackal stops to sniff the ground.
The jackal closely misses you. x2; The jackal misses you.
There is a stone staircase leading up here.
The jackal bites you.
* * * LOW HITPOINT WARNING * * *
The jackal barely misses you.
The kobold hits you with a +0 short sword.
* * * LOW HITPOINT WARNING * * *
You climb upwards.
The kobold shouts!
There is a stone staircase leading down here.
It was a potion of brilliance.
You feel clever all of a sudden. The jackal bites you.
You die...

#...#........[# .
#...#.........#
.##...#.........#
......##.#.###### #
................ ..
...#.#..##.##### ###...
.......###.# ####......
##)...## #.# ##Kh.......
.......###.# #.h@.......
.........#.##....K......
#..........#............
#.............##........
............####........
.........#### #........
.........# ........#
^......... ...######
...........


You could see 2 jackals and 2 kobolds.

Vanquished Creatures
  A dart slug (D:1)
  2 ball pythons (D:1)
  2 bats (D:1)
  An endoplasm (D:1)
  A goblin (D:1)
  4 hobgoblins (D:1)
  2 quokkas (D:1)
  A frilled lizard (D:1)
  A kobold (D:1)
15 creatures vanquished.

Vanquished Creatures (collateral kills)
  2 endoplasms (D:1)
  A goblin (D:1)
3 creatures vanquished.

Grand Total: 18 creatures vanquished

Notes
Turn   | Place    | Note
-------+----------+-------------------------------------------
     0 | D:1      | PriceMaster the Demonspawn Necromancer began the quest for
                  | the Orb.
     0 | D:1      | Reached XP level 1. HP: 13/13 MP: 3/3
   390 | D:1      | Gained mutation: You are partially covered in rugged brown
                  | scales. (AC +1, +3% HP) [demonic ancestry]
   390 | D:1      | Reached XP level 2. HP: 11/19 MP: 0/5
   642 | D:1      | Reached skill level 5 in Necromancy
   706 | D:1      | Slain by a jackal

Illustrated notes

Levels and vault maps discovered:
D:1:      kennysheep_arrival_forest, layout_rooms
D:2:      layout_rooms, serial_aquarium, aquarium_bridge_straight
          [aquarium_subvault_bridge, aquarium_subvault_wall,
          aquarium_subvault_bridge, aquarium_subvault_wall],
          aquarium_window_corridor_1, aquarium_window_1, aquarium_view_2d,
          aquarium_view_2d, aquarium_pool_2, serial_shops,
          nicolae_lakefront_shop, nicolae_shop_bloodbath_and_beyond, shop,
          nicolae_shop_peninsula, nicolae_shop_tiny_real_fake_doors,
          minmay_unequal

Skill      XL: |  1  2 |
---------------+-------+-----
Necromancy     | 5 |  5.0
Dodging        | |  1.9
Stealth        | |  1.9
Spellcasting   | |  2.3

Action                     || total
---------------------------++-------
  Melee: Dagger            ||     8
   Cast: Necrotise         ||    23
    Use: Potion            ||     3
 Armour: Robe              ||    49
  Dodge: Dodged            ||    40

Table legend: (Time is in decaauts)
 A = Elapsed time spent in this place.
 B = Non-inter-level travel time spent in this place.
 C = Inter-level travel time spent in this place.
 D = Time resting spent in this place.
 E = Time spent auto-exploring this place.
 F = Levels seen in this place.
 G = Mean time per level.
                   A        B        C        D        E       F      G
               +--------+--------+--------+--------+--------+-----+--------+
         Total |    704 |    704 |      0 |    350 |    224 |   2 |  352.0 |
       Dungeon |    704 |    704 |      0 |    350 |    224 |   2 |  352.0 |
               +--------+--------+--------+--------+--------+-----+--------+

Top non-repeatable levels by time:
     D:1: 698 daAuts
     D:2: 5 daAuts
